Cogmind - Beta 16 @@@ ROGUE MODE // 2025.12.04 @ 23:22:41 Player: Parkagirl Result: Destroyed by L-31 Rogue with Katana Performance ------------- Evolutions (1) 500 Regions Visited (3) 600 Robots Destroyed (19) 95 Value Destroyed (505) 505 Prototype IDs (0) 0 Alien Tech Used (0) 0 Bonus (0) 0 TOTAL SCORE: 1700 Bonus ------- None Cogmind --------- Core Integrity 0/400 Matter 270/300 Energy 92/100 System Corruption 6% Temperature Cool (0) Movement Walking (112) Location -9/Materials Parts ------- > --- POWER (1) -------- (None) > --- PROPULSION (2) --- Aluminum Leg Carbon-fiber Leg > --- UTILITY (4) ------ Heat Sink (fused) Improved Targeting Computer > --- WEAPON (2) ------- Improved Datajack > --- INVENTORY (5) ---- Aluminum Leg Pulse Rifle Peak State ------------ > --- POWER ------------ Ion Engine > --- PROPULSION ------- Aluminum Leg Aluminum Leg > --- UTILITY ---------- Sensor Array Improved Terrain Scanner ECM Suite Hacking Suite > --- WEAPON ----------- Pulse Rifle Improved Datajack > --- INVENTORY -------- Shock Rifle Medium Laser [Rating: 17] Favorites ----------- Power Light Nuclear Core Engine Light Ion Engine Power Core Light Nuclear Core Propulsion Light Treads Treads Light Treads Leg Aluminum Leg Wheel Wheel Hover Unit Hover Unit Flight Unit Flight Unit Utility Hacking Suite Device ECM Suite Storage Huge Storage Unit Processor Signal Interpreter Hackware Hacking Suite Weapon Grenade Launcher Energy Gun EM Pulse Gun Ballistic Gun Light Assault Rifle Launcher Grenade Launcher Special Melee Weapon Improved Datajack Build | -11 -10 -10 -9 ------- Run | Yrd Mat Min Mat Slots Evolved 2 | . . . 2 Power . | . . . . Propulsion . | . . . . Utility 2 | . . . 2 Weapon . | . . . . Parts Attached 38 | 8 9 9 12 Power 5 | 1 1 2 1 Engine 3 | 1 . 1 1 Core 2 | . 1 1 . Reactor . | . . . . Propulsion 13 | 4 2 4 3 Treads 2 | 2 . . . Leg 5 | . . 2 3 Wheel 2 | 2 . . . Hover 2 | . 2 . . Flight 2 | . . 2 . Utility 12 | 1 5 1 5 Device 5 | . 2 1 2 Storage 3 | 1 2 . . Processor 2 | . . . 2 Hackware 2 | . 1 . 1 Protection . | . . . . Artifact . | . . . . Weapon 8 | 2 1 2 3 Energy Gun 5 | 1 . 2 2 Energy Cannon . | . . . . Ballistic Gun 1 | 1 . . . Ballistic Cannon . | . . . . Launcher 1 | . 1 . . Special Weapon . | . . . . Impact Weapon . | . . . . Slashing Weapon . | . . . . Piercing Weapon . | . . . . Special Melee Weapon 1 | . . . 1 Unidentified Prototypes . | . . . . Parts Lost 15 | . 1 5 9 Power 3 | . . 1 2 Propulsion 4 | . . 2 2 Utility 5 | . . 1 4 Weapon 3 | . 1 1 1 Highest Loss Streak 7 | . 1 2 7 To Critical Strikes . | . . . . Average Backups 2 | 2 3 2 1 Power . | . . . . Propulsion . | . . . . Utility 1 | . 2 2 . Weapon . | 2 . . 1 Tool/Special . | . . . . Unused Backups 3 | . 1 2 . Power . | . . . . Propulsion . | . . . . Utility 2 | . . 2 . Weapon 1 | . 1 . . Tool/Special . | . . . . Average Slot Usage (%) 87 | . 98 74 81 Engine 6 | . 6 5 9 Core 6 | . 7 8 . Treads 12 | . 26 . . Leg 6 | . . 7 19 Hover 4 | . 1 10 . Device 14 | . 13 12 22 Storage 5 | . 10 . . Hackware 7 | . 3 14 8 Energy Gun 10 | . 13 7 9 Launcher 8 | . 13 7 . Special Melee Weapon 1 | . . . 7 Peak Build Rating 17 | 6 11 12 17 Average Rating 9 | 3 8 9 12 On Entrance 6 | . 6 10 9 Avg Prop Armor Cover (%) . | . . . . Naked Turns 14 | . . . 14 Heaviest Build 92 | 11 92 9 13 Greatest Support 40 | 40 40 20 25 Greatest Overweight (x) 7 | . 7 2 . Average Overweight (x) . | . . . . Largest Inventory Capacity 25 | 8 25 25 5 Average Capacity 10 | 6 16 5 5 Most Carried 6 | 4 6 5 5 Average Carried 2 | 2 3 2 1 Final Capacity 25 | 8 25 5 5 Final Carried 6 | 1 6 2 2 Class Distribution -------------------- 79% | Mutant 20% | Scavenger-Mutant Dominant Class ---------------- Mutant | -10/Materials Mutant | -10/Mines Mutant | -9/Materials Resources | -11 -10 -10 -9 ----------- Run | Yrd Mat Min Mat Matter Collected 581 | 208 117 179 77 Remotely . | . . . . Salvage Created 580 | . 334 84 162 Parts 42 | . 26 4 12 Haulers Intercepted . | . . . . Recyclers Shooed . | . . . . Parts Field Recycled . | . . . . Retrieved Matter . | . . . . Parts Self-Destructed . | . . . . Prevented . | . . . . Parts Restored . | . . . . Kills | -11 -10 -10 -9 ------- Run | Yrd Mat Min Mat Combat Hostiles Destroyed 14 | . 6 3 5 Melee 4 | . . 1 3 Guns 4 | . 1 1 2 AOE 6 | . 5 1 . Classes Destroyed 7 | . 5 1 1 Builder 1 | . 1 . . Recycler 1 | . 1 . . Operator 1 | . 1 . . Watcher 3 | . 3 . . Swarmer 2 | . . . 2 Grunt 11 | . 6 2 3 Assembled 1 | . . 1 . Best Kill Streak 4 | . 4 1 3 Combat Bots Only 3 | . 2 1 3 Max Kills in Single Turn 3 | . 3 1 1 Gunslinging . | . . . . Exploded 2 | . 2 1 . Melee 1 | . . 1 1 Uniques/NPCs Destroyed . | . . . . Combat | -11 -10 -10 -9 -------- Run | Yrd Mat Min Mat Hostile Shots Fired 140 | . 9 19 112 Missed 38 | . 2 5 31 Hits 102 | . 7 14 81 Melee 3 | . . . 3 Projectile 99 | . 7 14 78 Critical Strikes 2 | . . . 2 Damage Taken 1386 | . 163 242 981 Core 509 | . 15 81 413 Absorbed by Shields . | . . . . Regen/Repaired (Parts) 40 | . . . 40 Core Remaining (%) 80 | 100 . 61 . Volleys Fired 41 | . 21 10 10 Largest 2 | . 2 2 1 Hottest 90 | . 70 90 63 Shots Fired 56 | . 33 13 10 Gun 37 | . 21 6 10 Cannon . | . . . . Launcher 19 | . 12 7 . Special . | . . . . Kinetic . | . . . . Thermal 10 | . . 6 4 Explosive 19 | . 12 7 . Electromagnetic 27 | . 21 . 6 Robot Hit Streak 5 | . 3 3 5 Robot Miss Streak 3 | . 3 3 2 Penetration Max . | . . . . Secondary Targets . | . . . . Shots Hit Robots 29 | . 14 4 11 Core Hits 47 | . 20 11 16 Critical Kills . | . . . . Critical Parts Destroyed . | . . . . Critical Strikes 1 | . . . 1 Burn 1 | . . . 1 Melee Attacks 4 | . . . 4 Impact . | . . . . Slashing . | . . . . Piercing . | . . . . Sneak Attacks 2 | . . . 2 Combat Hostiles . | . . . . Follow-up Attacks . | . . . . Damage Inflicted 1077 | . 675 212 190 Guns 283 | . 139 37 107 Cannons . | . . . . Explosions 663 | . 522 141 . Melee . | . . . . Ramming 131 | . 14 34 83 Kinetic . | . . . . Thermal 66 | . . 37 29 Explosive 663 | . 522 141 . Electromagnetic 217 | . 139 . 78 Impact . | . . . . Slashing . | . . . . Piercing . | . . . . Highest Corruption 6 | . . 2 6 Average Corruption 2 | . . 2 5 Corruption Purged . | . . . . Corruption Blocked . | . . . . Effects 6 | . . 3 3 Message Errors 1 | . . . 1 Matter Fused 1 | . . 1 . Heat Flow Errors 1 | . . . 1 Parts Fused 1 | . . . 1 Data Loss (minor) 2 | . . 2 . Overload Shots . | . . . . Overflow Damage 35 | . 15 20 . Projectiles . | . . . . Explosions 35 | . 15 20 . Melee . | . . . . Knockbacks . | . . . . Impact . | . . . . Kinetic . | . . . . Secondary . | . . . . Self-Inflicted Damage 195 | . 73 85 37 Shots 7 | . 4 3 . Rammed 38 | . 4 13 21 Targets Rammed 46 | . 4 14 28 Kicked 8 | . . 1 7 Crushed . | . . . . Highest Temperature 280 | . 66 108 280 Average Temperature 53 | . 16 52 130 Received Heat Transfer 417 | . 51 84 282 Siege Activations . | . . . . Martial Activations . | . . . . Shielding Activations . | . . . . Robots Disrupted . | . . . . Combat Hostiles . | . . . . Robots Corrupted . | . . . . Combat Hostiles . | . . . . Parts Fried 1 | . . . 1 Impact Corruptions . | . . . . Robots Melted . | . . . . Combat Hostiles . | . . . . Parts Melted . | . . . . Heat Transferred 247 | . . 99 148 Parts Sabotaged . | . . . . Parts Stolen . | . . . . Parts Stripped . | . . . . Power Chain Reactions . | . . . . Alert | -11 -10 -10 -9 ------- Run | Yrd Mat Min Mat Maximum Alert Level . | . . . . Low Security (%) 100 | 100 100 100 100 Level 1 . | . . . . Level 2 . | . . . . Level 3 . | . . . . Level 4 . | . . . . Level 5 . | . . . . High Security . | . . . . Max Security . | . . . . Peak Influence 110 | . 110 36 50 Initial 36 | . . 36 . Average 12 | . 21 5 5 Influence Increases 514 | . 302 86 126 Destroy 0b10 Robot/C 260 | . 120 40 100 Destroy 0b10 Robot/NC 30 | . 30 . . Destroy Leader 56 | . 36 . 20 Successful Hack 6 | . . . 6 Disable Machine 15 | . 15 . . Destroy Structure 117 | . 71 46 . Lose Combat Pursuer 30 | . 30 . . Influence Decreases 494 | . 208 180 106 Entered New Map 58 | . . 58 . Time Decay 356 | . 198 102 56 Lost Part 80 | . 10 20 50 Squads Dispatched 3 | . 1 1 1 Investigation 3 | . 1 1 1 Extermination . | . . . . Reinforcement . | . . . . Assault . | . . . . Garrison . | . . . . Intercept . | . . . . Searches Triggered . | . . . . Construction Impeded . | . . . . Haulers Reinforced . | . . . . Active Scanning Responses . | . . . . Cargo Convoy Interrupts . | . . . . Stealth | -11 -10 -10 -9 --------- Run | Yrd Mat Min Mat Distress Signals 6 | . 3 1 2 Communications Jammed . | . . . . Distress Signals . | . . . . Times Spotted 38 | . 11 5 22 Peak Tracking Total 9 | . 3 1 9 Tactical Retreats 5 | . 2 . 3 ECM-based Alert Blocks 6 | . 1 . 5 Traps | -11 -10 -10 -9 ------- Run | Yrd Mat Min Mat Traps Triggered . | . . . . Indirectly . | . . . . Trap Hack Attempts . | . . . . Triggered . | . . . . Disarmed . | . . . . Reprogrammed . | . . . . Reused . | . . . . Traps Extracted . | . . . . Installed . | . . . . Triggered . | . . . . Machines | -11 -10 -10 -9 ---------- Run | Yrd Mat Min Mat Machines Disabled 2 | . 2 . . Max in Single Turn 1 | . 1 . . Machines Repaired . | . . . . Machines Dismantled . | . . . . Machines Sabotaged . | . . . . Overloaded Fab Kills . | . . . . Hacking | -11 -10 -10 -9 --------- Run | Yrd Mat Min Mat Machines Accessed 7 | . 4 1 2 Terminals 3 | . 3 . . Fabricators . | . . . . Repair Stations 1 | . . . 1 Recycling Units 1 | . 1 . . Scanalyzers 1 | . . . 1 Garrison Access . | . . . . Total Hacks 34 | . 19 1 14 Successful 25 | . 11 1 13 Failed 6 | . 6 . . Catastrophic 1 | . 1 . . Database Lockouts 3 | . 2 . 1 Manual 1 | . . 1 . Terminals 14 | . 14 . . Fabricators . | . . . . Repair Stations 4 | . . . 4 Recycling Units 5 | . 5 . . Scanalyzers 10 | . . . 10 Garrison Access . | . . . . Terminal Hacks 7 | . 6 1 . Record 5 | . 5 . . Open Door 1 | . . 1 . Terminal Index 1 | . 1 . . Fabricator Hacks . | . . . . Repair Station Hacks 4 | . . . 4 Scan Component 2 | . . . 2 Repair 1 | . . . 1 Refit 1 | . . . 1 Recycling Unit Hacks 5 | . 5 . . Recycle Component 2 | . 2 . . Process 1 | . 1 . . Report Inventory 1 | . 1 . . Retrieve Matter 1 | . 1 . . Scanalyzer 9 | . . . 9 Insert Component 3 | . . . 3 Analyze 2 | . . . 2 Retrieve Study 4 | . . . 4 Garrison Access Hacks . | . . . . Unauthorized Hacks . | . . . . Terminals . | . . . . Fabricators . | . . . . Repair Stations . | . . . . Recycling Units . | . . . . Scanalyzers . | . . . . Garrison Access . | . . . . Data Cores Recovered 1 | . 1 . . Used . | . . . . Hacking Detections 6 | . 4 . 2 Full Trace Events 6 | . 4 . 2 Feedback Events . | . . . . Feedback Blocked . | . . . . Robot Schematics Acquired . | . . . . Robots Built . | . . . . Authchips . | . . . . Time . | . . . . Total Robot Build Rating . | . . . . Part Schematics Acquired 2 | . . . 2 Parts Built . | . . . . Authchips . | . . . . Time . | . . . . Total Part Build Rating . | . . . . Part Studies Acquired 2 | . . . 2 Parts Repaired 1 | . . . 1 Time 26 | . . . 26 Parts Recycled 2 | . 2 . . Recycled Matter 351 | . 351 . . Retrieved Matter 351 | . 351 . . Retrieved Components . | . . . . Parts Scanalyzed 2 | . . . 2 Part Schematics Acquired 2 | . . . 2 Parts Damaged . | . . . . Bothacking | -11 -10 -10 -9 ------------ Run | Yrd Mat Min Mat Used RIF Installer . | . . . . Robots Hacked 1 | . . . 1 Non-combat . | . . . . Combat 1 | . . . 1 Robot Hacks Applied 2 | . . . 2 parse_system 2 | . . . 2 Relay Couplers Released . | . . . . Fabnet Peak Effective % . | . . . . Robots Rewired . | . . . . Allies Hacked . | . . . . Hacks Repelled . | . . . . Allies | -11 -10 -10 -9 -------- Run | Yrd Mat Min Mat Total Allies . | . . . . Largest Group . | . . . . Highest-Rated Group . | . . . . Highest-Rated Ally . | . . . . Total Orders . | . . . . Ally Attacks . | . . . . Total Damage . | . . . . Kills . | . . . . Allies Corrupted . | . . . . Allies Melted . | . . . . Intel | -11 -10 -10 -9 ------- Run | Yrd Mat Min Mat Active Infowar (turns) 1021 | . 575 202 244 Sensors 530 | . 162 202 166 Terrain 62 | . . . 62 ECM 818 | . 575 . 243 Robot Analysis Total . | . . . . Derelict Logs Recovered 2 | . . 2 . Drone Launches . | . . . . Drone Recoveries . | . . . . Exploration | -11 -10 -10 -9 ------------- Run | Yrd Mat Min Mat Turns Passed 1746 | 118 775 528 325 Spaces Moved 1042 | 69 310 465 198 Core 99 | 8 . 77 14 Treads 361 | 60 301 . . Legs 340 | . . 156 184 Wheels 1 | 1 . . . Hover 239 | . 9 230 . Flight 2 | . . 2 . Fastest Speed 50 | 50 160 50 50 Average Speed 134 | 146 221 87 104 Slowest Speed 476 | 160 476 200 120 Overloaded Moves . | . . . . Propulsion Burnouts . | . . . . Robots Hopped . | . . . . Potential Cave-ins . | . . . . Cave-ins Triggered . | . . . . Exploration Rate (%) 36 | 6 50 71 17 Regions Visited 3 Branch Regions 1 Pre-discovered Areas 1 | . . 1 . Known Exits Taken . | . . . . Unknown Exits Taken 3 | 1 1 1 . Scrap Searched 1 | . . 1 . Spaces Dug . | . . . . Terrain Destroyed 139 | . 79 60 . Melee . | . . . . Projectile . | . . . . AOE 139 | . 79 60 . Terrain Rammed . | . . . . Walls Destroyed . | . . . . Machines Disabled . | . . . . Actions | -11 -10 -10 -9 --------- Run | Yrd Mat Min Mat Total 1328 | 87 360 576 305 Wait 82 | . . 52 30 Move 1039 | 68 309 464 198 Hop . | . . . . Pick Up 44 | 9 12 12 11 Fast Attach 1 | . . 1 . Attach 27 | 8 1 7 11 Detach 5 | . . 1 4 Swap 20 | . 9 4 7 Drop 19 | 2 4 11 2 Fire 41 | . 21 10 10 Melee 4 | . . . 4 Ram 35 | . 1 13 21 Kick 8 | . . 1 7 Crush 3 | . 3 . . Escape Stasis . | . . . . Rewire . | . . . . Trap . | . . . . Miscellaneous . | . . . . Route ------- -11/Scrapyard -10/Materials (discovered 2 exits: *Min x2) -10/Mines -9/Materials (discovered 2 exits: Min x2) History --------- Turn | Location | Event 14 | -11/Scrapyard | Discovered new exit (range 15) 119 | -11/Scrapyard | Entered Materials 307 | -10/Materials | Build established: Mutant 428 | -10/Materials | Discovered new exit (range 13) 721 | -10/Materials | Central database locked down 721 | -10/Materials | Central database locked down 799 | -10/Materials | Discovered new exit (range 15) 894 | -10/Materials | Entered Mines 900 | -10/Mines | Met a Derelict shopkeep closing up shop 1032 | -10/Mines | Excavation squad dispatched 1032 | -10/Mines | A large section of the Mines collapsed 1374 | -10/Mines | Discovered new exit (range 8) 1422 | -10/Mines | Entered Materials 1422 | -9/Materials | Evolved 2 slots: Utility x2 1423 | -9/Materials | Identified exit to Mines 1476 | -9/Materials | Central database locked down 1517 | -9/Materials | Build established: Scavenger-Mutant 1606 | -9/Materials | Repaired Ion Engine? 1677 | -9/Materials | Core integrity fell below 50% 1705 | -9/Materials | Lost 7 parts (1p2n4u) 1736 | -9/Materials | Core integrity fell below 20% 1747 | -9/Materials | Destroyed by L-31 Rogue with Katana Last Messages --------------- [Achievement: Junior Dev] 01724_ K-01 Serf cleans the Terminal. 01724_ S-10 Pest destroyed. 01725_ System corrupted: Heat flow error (+288). 01725_ K-01 Serf collects debris. 01728_ Flight Unit fried. 01728_ S-10 Pest destroyed. 01730_ K-01 Serf collects debris. 01731_ W-16 Scout sends out distress signal. 01733_ Shock Rifle destroyed. 01733_ K-01 Serf collects debris. 01734_ Sneak attack on K-01 Serf. 01734_ Jacked K-01 Serf... >>find_chute [Achievement: Not Today, Chutes] No applicable chute records found in memory. 01735_ Lgt. Ion Engine destroyed. 01736_ K-01 Serf collects debris. 01745_ System corrupted: Heat Sink fused. 01745_ Acquired 38 matter. Map ----- +----------------------------------------------------+ | ?????????????????????????????##?#??????# #?????? | | ???????????????????????#???#???????????# #?????? | | ???????????????????????????????????#???# ##????? | | ???????????????????????????????????????# #???##? | | ?????????????????????????????########### #????#? | | ?????????????????????????????# # #####?? | | ?????? ??????????????????????# "" # !!#?? | | ?????????????????????????????# """ ""S # !!#?? | | ?????????????????????????????# """ "" + [[#?? | | ??????????????########???????# """ # [[#?? | | ??????????????#!![[!!#??????## # /#?# | | ??????????????#! [ !#???????# # //#?? | | ??????????????# #???????# !# #####?? | | ????#???????### ################### #?????? | | ????? #???#?? | | ???? #???#?? | | ????? ##????? | | ?????########+################### #?????? | | ????????????????????????????????# ####### | | ????????????????????????????????######## # # | | ???????????????????????????#???????#?#?# # [ # | | ????????????????????#######????????????# # # | | ????????????????????# ############## +[ # | | ????????????????????# ! %% # " " # | | ????????????????????# %= %%k % # "R" # | | ????????????????????# @ %% # """ # | | ????????????????????# l ###+########## ####### | | ????????????????????## ## *![ #?????# #?????? | | ?????????????????????#s k## #?????# #?????? | | ?????????????????????#s[ ##%= #?????# +?????? | | ??????????????##+#####=% ##= ! #?????# #?????? | | ??????????????# """lY= ##= #?????# #???"?? | | ??????????????# "T"%gk ## #?????# #???? ? | | ??????????????# #########?????# #?????? | | ??????????????# #?????????????# # ????? | | ??????????????# #?????????????# #?????? | | ??????????????# #?????????????# #?????? | | ????????????? +?????????????# #?????? | | ??????????? """ #?????????????? #?????? | | ??????????? %""" #?????????????? #?????? | | ??????????##### """" #?????????????? ??????? | | ??????????????# ? #???????????????????????? | | ??????????????# ?? #???????????????????????? | | ??????????????#????"" #???????????????????????? | | ????????????????????" +???????????????????????? | | ????????????????????" #???????????????????????? | | ????????????????????? ????????????????????????? | | ?????????????????????????????????????????????????? | | ?????????????????????????????????????????????????? | | ?????????????????????????????????????????????????? | +----------------------------------------------------+ Best States ------------- Heat Dissipation 38 Energy Generation 14 Energy Capacity 250 Matter Stores 300 Matter Capacity 300 Sight Range 16 Robot Scan Range 14 Terrain Scan Range 16 Terrain Scan Density 10 ECM Strength 1 Evasion (%) 61 Targeting Accuracy 6 Recoil Reduction 2 Offensive Hacking 10 Item Schematics ----------------- Sensor Array | -9/Materials | Scanalyzed Shock Rifle | -9/Materials | Scanalyzed Robot Schematics ------------------ None Fabricated ------------ Nothing Repaired ---------- Ion Engine | 33% | -9/Materials Studied --------- Aluminum Leg | -9/Materials | Hacked Med. Laser | -9/Materials | Hacked Alien Tech Used ----------------- None Achievements -------------- Fist Fight Fitting Room Item+ Junior Dev Not Today, Chutes Part-time Mechanic Universal Adapter Challenges ------------ None Game ------ Seed TransmissionRainbowCore Manual? 0 Play Time 00:37:56 Cumulative 1.3 hours Start 2025.12.04 @ 22:45:14 End 2025.12.04 @ 23:22:41 Sessions 1 Manual Loads 0 Difficulty Rogue Special Mode None Game No. 3 Rogue 3 Adventurer 0 Explorer 0 Win Type - Total 0 Types 0/0/0/0/0/0/0/0/0/0 Lore% 0 Gallery% 3 Achievement% 3 Wizard Run 0 Options --------- Layout 1 ASCII 0 Keyboard 0 Movement Arrows Keybinds 0 Fullscreen 1 Font 24/Terminus Map View 76x35 Zoom Use 0% Tactical HUD 1 Map Filters NONE Filters NONE Steam 1 RUN: eff04bde-7d49-43aa-a197-e6a731c48dc4